 Dungeon Crawl Stone Soup version 0.29-a0-845-g6161e89988 (webtiles) character file.

Game seed: 206602806015321355

424 Cecillian the Shooter (level 7, 0/55 HPs)
             Began as a Formicid Hunter on July 15, 2022.
             Slain by Edmund
             ... wielding a +0 vorpal dire flail
              (1 damage)
             ... on level 4 of the Dungeon.
             The game lasted 00:04:43 (3511 turns).

Cecillian the Shooter (Formicid Hunter)             Turns: 3511, Time: 00:04:44

Health: 0/55       AC:  6    Str: 15    XL:     7   Next: 17%
Magic:  7/7        EV: 12    Int:  9    God:
Gold:   168        SH:  0    Dex: 19    Spells: 6/6 levels left

rFire   . . .      SeeInvis +   t - +4 quarterstaff (chaos)
rCold   . . .      Faith    .   (no shield)
rNeg    . . .      Spirit   .   c - +0 leather armour
rPois   .          Reflect  .   (helmet unavailable)
rElec   .          Harm     .   p - +1 cloak
rCorr   .          Rampage  .   w - +0 pair of gloves
Will    .....                   (no boots)
Stlth   ++........              (no amulet)
HPRegen 0.18/turn               (no ring)
MPRegen 0.10/turn               (no ring)

@: no status effects
A: permanent stasis, dig shafts and tunnels, antennae 3, four strong arms
a: Dig, Shaft Self


You were on level 4 of the Dungeon.
You visited 1 branch of the dungeon, and saw 4 of its levels.

You collected 168 gold pieces.

Inventory:

Hand Weapons
 a - a +0 shortbow
 q - a +2 vampiric whip
 t - a +4 quarterstaff of chaos (weapon)
Missiles
 j - 6 poisoned darts
 r - a throwing net
Armour
 c - a +0 leather armour (worn)
 d - a scarf of shadows
 n - a +0 scale mail
 p - a +1 cloak (worn)
 w - a +0 pair of gloves (worn)
Wands
 y - a wand of digging (7)
Scrolls
 b - a scroll of immolation
 f - a scroll of teleportation {unknown}
 g - a scroll of silence {unknown}
 h - a scroll of fog {unknown}
 i - a scroll of noise {unknown}
 k - a scroll of blinking {unknown}
 l - 2 scrolls of identify {unknown}
 m - a scroll of brand weapon {unknown}
 u - a scroll of vulnerability {unknown}
 x - a scroll of magic mapping {unknown}
Potions
 e - a potion of attraction {unknown}
 o - a potion of might
 s - a potion of haste {unknown}
 v - a potion of curing


   Skills:
 + Level 4.7 Fighting
 * Level 7.0 Ranged Weapons
 - Level 1.7 Dodging
 - Level 1.2 Stealth


You had 6 spell levels left.
You didn't know any spells.
Your spell library contained the following spells:

 Spells                   Type           Power      Damage    Failure   Level
 Sting                    Tmut/Pois      0%         1d3       45%         1
 Poisonous Vapours        Pois/Air       0%         N/A       58%         2
 Conjure Flame            Conj/Fire      0%         6-21      83%         3
 Gell's Gravitas          Tloc           0%         N/A       83%         3
 Ignite Poison            Fire/Tmut/Pois 0%         N/A       83%         3
 Lesser Beckoning         Tloc           0%         N/A       83%         3
 Teleport Other           Tloc           0%         N/A       83%         3
 Olgreb's Toxic Radiance  Pois           0%         N/A       99%         4
 Sticky Flame             Conj/Fire      0%         2d3       99%         4


Dungeon Overview and Level Annotations

Branches:
Dungeon (4/15)
 Temple: D:4-7

Altars:
Fedhas

Shops:
D:1 ?   D:3 :

Annotations:
D:4 Edmund


Innate Abilities, Weirdness & Mutations

You cannot be hasted, slowed, berserked, paralysed or teleported.
You can dig through walls and to a lower floor.
You have a pair of large antennae on your head. (SInv)
Your four strong arms can wield two-handed weapons with a shield.


Message History

The scorpion completely misses you. The scorpion closely misses you.
You sock the scorpion!
The scorpion is poisoned.
The scorpion is almost dead.
You kill the scorpion!
Your Ranged Weapons skill increases to level 7!
You hit Edmund but do no damage. You drain Edmund.
Edmund is lightly wounded.
Edmund hits you with a +0 vorpal dire flail!
Unknown command.
You closely miss Edmund.
Edmund is lightly wounded.
Edmund hits you with a +0 vorpal dire flail.
Unknown command.
You thump Edmund!
Edmund is poisoned.
Edmund is moderately wounded.
Edmund misses you.
You closely miss Edmund.
Edmund is moderately wounded.
Edmund barely misses you.
Edmund hits you with a +0 vorpal dire flail.
You barely miss Edmund.
Edmund is heavily wounded.
Edmund hits you but does no damage.
You hit Edmund. You freeze Edmund.
Edmund is heavily wounded.
Edmund barely misses you.
You barely miss Edmund.
Edmund is heavily wounded.
Edmund barely misses you.
Edmund hits you with a +0 vorpal dire flail!
You closely miss Edmund.
Edmund is heavily wounded.
Edmund says, "People think my brother is the best.
I think he's crazy."
Edmund hits you with a +0 vorpal dire flail.
* * * LOW HITPOINT WARNING * * *
x2 You hit Edmund.
Edmund seems to grow stronger.
Edmund is heavily wounded.
Edmund hits you with a +0 vorpal dire flail!
* * * LOW HITPOINT WARNING * * *
You die...

..#.# #.... ###....
...... ###....
.......#### #.......#
#@# #####@# #)....#
#.##### #.# ######
###'## #....# #....#
#....#
#....######....########
##.......†.............#
#.....######....######.#


You could see Edmund (strong, very poisoned, drained).

Vanquished Creatures
  Sigmund (D:2)
  A scorpion (D:4)
  Crazy Yiuf (D:2)
  4 gnolls
  5 adders
  A worm (D:2)
  4 dart slugs
  4 orcs (D:3)
  3 ball pythons
  4 endoplasms
  2 giant cockroaches
  7 hobgoblins
  14 jackals
  7 kobolds
  3 quokkas (D:1)
  4 bats
  6 frilled lizards
  4 goblins
  4 rats
79 creatures vanquished.

Vanquished Creatures (others)
  3 fungi (D:2)
  A plant (D:3)
4 creatures vanquished.

Grand Total: 83 creatures vanquished

Notes
Turn   | Place    | Note
-------+----------+-------------------------------------------
     0 | D:1      | Cecillian the Formicid Hunter began the quest for the Orb.
     0 | D:1      | Reached XP level 1. HP: 16/16 MP: 1/1
   100 | D:1      | Reached XP level 2. HP: 23/23 MP: 2/2
   117 | D:1      | Reached XP level 3. HP: 11/28 MP: 3/3
   651 | D:1      | Found Imiq's Magic Scroll Shop.
  1388 | D:2      | Reached skill level 5 in Ranged Weapons
  1388 | D:2      | Reached XP level 4. HP: 30/35 MP: 4/4
  1589 | D:2      | Found a blossoming altar of Fedhas.
  1791 | D:2      | Noticed Sigmund
  1805 | D:2      | Killed Sigmund
  1806 | D:2      | Reached skill level 6 in Ranged Weapons
  1806 | D:2      | Reached XP level 5. HP: 20/42 MP: 5/5
  1806 | D:2      | Reached XP level 6. HP: 23/48 MP: 6/6
  2480 | D:2      | Found a runed translucent door.
  2481 | D:2      | Noticed Crazy Yiuf
  2489 | D:2      | Killed Crazy Yiuf
  2775 | D:3      | Found Heekeph's Book Emporium.
  3430 | D:4      | Reached XP level 7. HP: 55/55 MP: 7/7
  3499 | D:4      | Noticed Edmund
  3503 | D:4      | Reached skill level 7 in Ranged Weapons
  3511 | D:4      | HP: 1/55 [Edmund/+0 vorpal dire flail (14)]
  3511 | D:4      | Slain by Edmund

Illustrated notes

Levels and vault maps discovered:
D:1:      onia_arrival_mini_maze, layout_loops_ring, serial_shops, shop
D:2:      layout_loops_ring, basic_altar, minmay_misc_feat_room, uniq_sigmund,
          uniq_crazy_yiuf_cottage
D:3:      layout_basic, serial_shops, shop, serial_bayou_pond_c
D:4:      layout_basic, minmay_temple_entry_fiery, nrook_loot_triangle,
          uniq_edmund, uniq_pikel

Skill      XL: |  1  2  3  4  5  6  7 |
---------------+----------------------+-----
Fighting       | 3 4 |  4.7
Ranged Weapons | 5 6 7 |  7.0
Dodging        | |  1.7
Stealth        | |  1.2

Action                   |  1- 3 |  4- 6 |  7- 9 || total
-------------------------+-------+-------+-------++-------
Melee: Hand axe          |     4 |    37 |       ||    41
       Whip              |       |    58 |       ||    58
       Quarterstaff      |       |     3 |    11 ||    14
       Punch             |       |     3 |       ||     3
 Fire: Shortbow          |    70 |    43 |     6 ||   119
 Abil: Dig               |     1 |       |       ||     1
  Use: Potion            |       |     1 |       ||     1
 Stab: Sleeping          |       |     6 |       ||     6
Armor: Leather armour    |     4 |    32 |     1 ||    37
Dodge: Dodged            |    12 |    78 |     7 ||    97

Table legend: (Time is in decaauts)
 A = Elapsed time spent in this place.
 B = Non-inter-level travel time spent in this place.
 C = Inter-level travel time spent in this place.
 D = Time resting spent in this place.
 E = Time spent auto-exploring this place.
 F = Levels seen in this place.
 G = Mean time per level.
                   A        B        C        D        E       F      G
               +--------+--------+--------+--------+--------+-----+--------+
         Total |   3564 |   3331 |    233 |    589 |   2157 |   4 |  891.0 |
       Dungeon |   3564 |   3331 |    233 |    589 |   2157 |   4 |  891.0 |
               +--------+--------+--------+--------+--------+-----+--------+

Top non-repeatable levels by time:
     D:2: 1442 daAuts
     D:1: 1211 daAuts
     D:3: 799 daAuts
     D:4: 111 daAuts
